 Dungeon Crawl Stone Soup version 0.30-a0-778-g2ef04afb54 (webtiles) character file.

Game seed: 11539195101901494859

3516 themarg the Spear-Bearer (level 10, -5/74 HPs)
             Began as a Merfolk Gladiator on Feb 15, 2023.
             Was a Believer of Makhleb.
             Slain by a manticore (10 damage)
             ... on level 7 of the Dungeon.
             The game lasted 00:23:49 (6187 turns).

themarg the Spear-Bearer (Merfolk Gladiator)        Turns: 6187, Time: 00:23:50

Health: -5/74      AC:  5    Str: 19    XL:     10   Next: 8%
Magic:  10/13      EV: 14    Int:  7    God:    Makhleb [**....]
Gold:   311        SH:  0    Dex: 16    Spells: 9/9 levels left

rFire   . . .      SeeInvis +    a - +0 trident
rCold   . . .      Faith    .    (no shield)
rNeg    . . .      Spirit   .    b - +0 leather armour
rPois   .          Reflect  .    c - +0 helmet
rElec   .          Harm     .    (no cloak)
rCorr   .          Rampage  .    u - +0 pair of gloves
Will    .....                    (no boots)
Stlth   ++                       (no amulet)
HPRegen 0.32/turn                G - ring of see invisible
MPRegen 0.13/turn                (no ring)

@: weak-willed
A: (nimble swimmer 2), mertail
a: Renounce Religion, Minor Destruction


You were on level 7 of the Dungeon.
You worshipped Makhleb.
Makhleb was pleased with you.
You visited 2 branches of the dungeon, and saw 8 of its levels.

You collected 311 gold pieces.

Inventory:

Hand Weapons
 a - a +0 trident (weapon)
 v - the +7 falchion of Idweg {elec, rN+}
   (You found it on level 3 of the Dungeon)

   rN:        It protects you from negative energy.
Missiles
 d - 3 throwing nets
 e - a javelin
 f - 58 stones
 l - 6 boomerangs
 p - 11 poisoned darts
 D - 2 atropa-tipped darts
Armour
 b - a +0 leather armour (worn)
 c - a +0 helmet (worn)
 u - a +0 pair of gloves (worn)
 y - the +5 scale mail of Qastoiq {Harm Rampage rC-}
   (You found it on level 7 of the Dungeon)

   rC:        It makes you vulnerable to cold.
   Harm:      It increases damage dealt and taken.
   Rampage:   It bestows one free step when moving towards enemies.
Jewellery
 G - a ring of see invisible (left hand)
Wands
 j - a wand of polymorph (5)
 F - a wand of digging (3)
Scrolls
 h - a scroll of vulnerability
 k - a scroll of noise
 n - 2 scrolls of amnesia
 r - 5 scrolls of immolation
 w - a scroll of blinking {unknown}
 C - a scroll of fear
 E - a scroll of enchant weapon {unknown}
Potions
 g - a potion of brilliance {unknown}
 i - 5 potions of curing
 m - a potion of magic {unknown}
 o - 2 potions of heal wounds
 q - a potion of haste {unknown}
 x - 3 potions of flight
 z - 2 potions of attraction
 A - a potion of invisibility
 B - a potion of might {unknown}


   Skills:
 - Level 5.0 Fighting
 - Level 14.0 Polearms
 - Level 6.0 Throwing
 - Level 5.0 Dodging
 - Level 3.0 Stealth
 + Level 4.8 Invocations
 - Level 2.0 Evocations


You had 9 spell levels left.
You didn't know any spells.
Your spell library contained the following spells:

 Spells                   Type           Power      Damage    Failure   Level
 Foxfire                  Conj/Fire      0%         2x1d4     50%         1
 Slow                     Hex            0%         N/A       50%         1
 Summon Small Mammal      Summ           0%         N/A       50%         1
 Lesser Beckoning         Tloc           0%         N/A       63%         2
 Call Canine Familiar     Summ           0%         N/A       86%         3
 Confusing Touch          Hex            0%         N/A       86%         3
 Gell's Gravitas          Tloc           0%         N/A       86%         3
 Summon Guardian Golem    Hex/Summ       0%         N/A       86%         3
 Teleport Other           Tloc           0%         N/A       86%         3
 Vampiric Draining        Necr           0%         2d6       86%         3
 Fireball                 Conj/Fire      0%         3d3       100%        5
 Summon Forest            Summ/Tloc      0%         N/A       100%        5
 Summon Mana Viper        Hex/Summ       0%         N/A       100%        5
 Starburst                Conj/Fire      0%         6d3       100%        6
 Summon Cactus Giant      Summ           0%         N/A       100%        6


Dungeon Overview and Level Annotations

Branches:
Dungeon (7/15)             Temple (1/1) D:4

Altars:
Ashenzari
Cheibriados
Dithmenos
Elyvilon
Fedhas
Hepliaklqana
Kikubaaqudgha
Makhleb
Nemelex Xobeh
Okawaru
Qazlal
Ru
Sif Muna
Trog
Uskayaw
Vehumet
Xom
Yredelemnul
The Shining One

Shops:
D:2 ([=

Annotations:
D:7 Dowan, Duvessa


Innate Abilities, Weirdness & Mutations

((You are very nimble when in or above water. (Stealth+, EV+, Speed+++)))
Your lower body shifts to a powerful aquatic tail in water.


Message History

Aim: a manticore (inner flame, about 23% to evade your +0 trident)
You hit the manticore but do no damage. The gnoll misses you.
Reach: a) +0 trident
Press: ? - help, Dir - move target, f/p - manticore
Aim: a manticore (inner flame, about 23% to evade your +0 trident)
You barely miss the manticore.
A nearby plant withers and dies.
The manticore bites you!
* * * LOW HITPOINT WARNING * * *
The manticore claws you!
* * * LOW HITPOINT WARNING * * *
The manticore barely misses you. The white imp gestures at you.
The puff of frost misses you.
The deep elf pyromancer gestures wildly while chanting.
The iguana hisses menacingly.
You feel much better.
The gnoll hits you from afar with a +0 spear.
A boulder beetle comes into view.
The manticore barely misses you. The manticore claws you.
The manticore barely misses you. The white imp gestures at you.
The puff of frost misses you.
Reach: a) +0 trident
Press: ? - help, Dir - move target, f/p - manticore
Aim: a manticore (inner flame, about 23% to evade your +0 trident)
Okay, then.
Really read the scroll of vulnerability?
As you read the scroll of vulnerability, it crumbles to dust.
Your attack snaps the white imp out of its fear.
Magic quickly surges around you.
A nearby plant withers and dies.
The iguana closely misses you. The gnoll closely misses you.
The white imp gestures at you. The puff of frost hits you!
* * * LOW HITPOINT WARNING * * *
The boulder beetle leaps!
The manticore bites you!
* * * LOW HITPOINT WARNING * * *
The manticore claws you.
* * * LOW HITPOINT WARNING * * *
The manticore claws you!
You die... #. ##♣.♣## ♣♣♣ ♣c♣♣♣♣♣♣♣ ♣♣.♣♣# PPP

♣.°.PPP♣ ♣P...# P~P.
###☼..~.♣ ♣.≈♣.#
PPP..#}#○.PP○♣#♣.~..#
.....#.#Ee(○..#♣.≈P♣#
........$.E...#♣.P♣♣
###..P..###)....♣♣♣#
#"...l@..$#.))z....#
###...5H###....♣♣.♣#
....!..g.°W...# .♣
.....#.#..)..♣ .
PPP..#[#.°..P♣ .#
P~P. ###..P~.♣ #


PPP ♣.!.PPP♣ ♣♣♣ ♣.♣♣♣♣♣♣♣ #. You could see a manticore (inner flame,
weak-willed), a deep elf pyromancer (weak-willed), 2 fire elementals, a wraith
(weak-willed), an iguana (weak-willed), a gnoll (weak-willed) and a white imp
(weak-willed).

Vanquished Creatures
  A centaur warrior (D:7)
  Pikel (D:5)
  A deep elf pyromancer (D:7)
  A shadow (D:7)
  A wyvern (D:7)
  2 water moccasins (D:7)
  2 ogres
  6 centaurs
  A lemure (D:5)
  2 phantoms
  Blork the orc (D:6)
  A gnoll sergeant (D:6)
  A necrophage (D:7)
  A bullfrog (D:6)
  2 scorpions
  3 hounds (D:6)
  2 jellies
  3 iguanas
  An orc wizard (D:6)
  Robin (D:3)
  4 gnolls (D:6)
  2 adders
  2 shadow imps (D:7)
  2 dart slugs
  12 orcs
  6 bats
  7 endoplasms
  4 giant cockroaches
  16 goblins
  5 hobgoblins
  7 jackals
  5 kobolds
  2 quokkas
  6 ball pythons
  6 frilled lizards
  6 rats
126 creatures vanquished.

Vanquished Creatures (others)
  An orc wizard (D:7)
  14 plants (D:7)
15 creatures vanquished.

Grand Total: 141 creatures vanquished

Notes
Turn   | Place    | Note
-------+----------+-------------------------------------------
     0 | D:1      | themarg the Merfolk Gladiator began the quest for the Orb.
     0 | D:1      | Reached XP level 1. HP: 16/16 MP: 1/1
   299 | D:1      | Reached XP level 2. HP: 23/23 MP: 2/2
  1019 | D:2      | Found Paaclo's Jewellery Shoppe.
  1058 | D:2      | Reached XP level 3. HP: 28/29 MP: 3/3
  1235 | D:2      | Found Ukiepiwiock's Weapon Shoppe.
  1278 | D:2      | Found Ofooty's Armour Shoppe.
  1782 | D:3      | Reached skill level 5 in Polearms
  2108 | D:3      | Identified the +7 falchion of Idweg {elec, rN+}
  2207 | D:3      | Reached XP level 4. HP: 28/35 MP: 4/4
  2372 | D:4      | Noticed an ogre
  2382 | D:4      | Killed an ogre
  2383 | D:4      | Reached skill level 6 in Polearms
  2383 | D:4      | Reached XP level 5. HP: 43/43 MP: 5/5
  2568 | D:4      | Found a staircase to the Ecumenical Temple.
  2587 | Temple   | Entered the Ecumenical Temple
  2663 | Temple   | Became a worshipper of Makhleb the Destroyer
  2933 | D:4      | Noticed Robin
  3195 | D:3      | Killed Robin
  3501 | D:5      | Entered Level 5 of the Dungeon
  3517 | D:5      | Reached XP level 6. HP: 12/50 MP: 6/6
  3671 | D:5      | Found an iron altar of Okawaru.
  3739 | D:5      | Found a glowing golden altar of the Shining One.
  3767 | D:5      | Reached * piety under Makhleb
  3768 | D:5      | Reached skill level 5 in Fighting
  3814 | D:5      | Reached skill level 7 in Polearms
  3814 | D:5      | Reached skill level 1 in Stealth
  3895 | D:5      | Noticed Pikel
  4015 | D:5      | Killed Pikel
  4016 | D:5      | Reached skill level 9 in Polearms
  4016 | D:5      | Reached skill level 5 in Dodging
  4016 | D:5      | Reached XP level 7. HP: 27/56 MP: 7/7
  4354 | D:5      | Reached skill level 10 in Polearms
  4354 | D:5      | Reached XP level 8. HP: 62/62 MP: 8/8
  4641 | D:5      | Found a shimmering blue altar of Sif Muna.
  4842 | D:6      | Reached skill level 11 in Polearms
  5064 | D:6      | Noticed Blork the orc
  5197 | D:6      | Reached skill level 12 in Polearms
  5227 | D:6      | Found a sparkling altar of Nemelex Xobeh.
  5574 | D:6      | Found a bloodstained altar of Trog.
  5575 | D:6      | Found a stormy altar of Qazlal.
  5717 | D:6      | Killed Blork the orc
  5833 | D:7      | Identified the +5 scale mail of Qastoiq {Harm Rampage rC-}
  5841 | D:7      | Noticed a wyvern
  5844 | D:7      | Killed a wyvern
  5845 | D:7      | Reached skill level 13 in Polearms
  5845 | D:7      | Reached XP level 9. HP: 68/68 MP: 9/9
  5855 | D:7      | Noticed Duvessa
  5865 | D:7      | Noticed Dowan
  6137 | D:7      | Reached skill level 14 in Polearms
  6154 | D:7      | Noticed a centaur warrior
  6157 | D:7      | Noticed a deep elf pyromancer
  6159 | D:7      | Noticed a manticore
  6162 | D:7      | Reached skill level 1 in Evocations
  6167 | D:7      | Noticed a deep elf pyromancer
  6167 | D:7      | Killed a centaur warrior
  6168 | D:7      | Reached skill level 1 in Invocations
  6170 | D:7      | Killed a deep elf pyromancer
  6170 | D:7      | Reached ** piety under Makhleb
  6171 | D:7      | Reached XP level 10. HP: 31/74 MP: 9/13
  6186 | D:7      | Noticed a boulder beetle
  6187 | D:7      | Slain by a manticore

Illustrated notes

Levels and vault maps discovered:
D:1:      eino_arrival_cavern_a, layout_basic
D:2:      layout_basic, serial_shops, shop, nicolae_shop_advertising_works
          [nicolae_subvault_shop_adworks], nicolae_shop_statue_plus
D:3:      layout_loops_ring
D:4:      layout_rooms, minmay_temple_entry_arrows, uniq_robin
D:5:      nicolae_cairo_tiling_large_dashed, layout_gridville,
          lemuel_blue_sif_altar, mainiacjoe_overflow_24_doors,
          mainiacjoe_overflow_concentric_impassable, dk_noncrumbling_3,
          uniq_pikel
D:6:      kennysheep_spiral_hall, layout_rooms,
          mainiacjoe_overflow_divided_tiny, lemuel_round_altar,
          uniq_blork_the_orc
D:7:      nzn_winding_woodlands_large [nzn_winding_woodlands_5x5_open_star,
          nzn_winding_woodlands_5x15_river_crossing,
          nzn_winding_woodlands_5x5_closed_star,
          nzn_winding_woodlands_center_triple_pond,
          nzn_winding_woodlands_15x15_five_gardens,
          nzn_winding_woodlands_center_lodge, nzn_winding_woodlands_hourglass,
          nzn_winding_woodlands_5x15_pathside_ponds,
          nzn_winding_woodlands_5x5_cross], layout_loops_ring, enter_bailey_3,
          solitary_fountain, uniq_duvessa
Temple:   nicolae_temple_god_jail

Skill      XL: |  1  2  3  4  5  6  7  8  9 |
---------------+----------------------------+-----
Fighting       | 3 4 5 |  5.0
Polearms       | 5 6 9 10 13 14 | 14.0
Stealth        | 3 |  3.0
Dodging        | 5 |  5.0
Evocations     | 2 |  2.0
Throwing       | 6 |  6.0
Invocations    | 4 |  4.8

Action                     |  1- 3 |  4- 6 |  7- 9 | 10-12 || total
---------------------------+-------+-------+-------+-------++-------
  Melee: Trident           |   109 |   185 |   137 |     7 ||   438
         Punch             |       |     4 |     1 |       ||     5
 Invoke: Minor Destruction |       |       |       |     1 ||     1
  Evoke: Wand              |       |    13 |    34 |     1 ||    48
    Use: Scroll            |       |       |    10 |     2 ||    12
         Potion            |       |       |     1 |     1 ||     2
   Stab: Sleeping          |     2 |       |     4 |       ||     6
         Invisible         |       |     2 |     7 |       ||     9
 Armour: Leather armour    |    22 |    58 |    24 |       ||   104
  Dodge: Dodged            |    69 |   117 |    58 |     9 ||   253

Table legend: (Time is in decaauts)
 A = Elapsed time spent in this place.
 B = Non-inter-level travel time spent in this place.
 C = Inter-level travel time spent in this place.
 D = Time resting spent in this place.
 E = Time spent auto-exploring this place.
 F = Levels seen in this place.
 G = Mean time per level.
                   A        B        C        D        E       F      G
               +--------+--------+--------+--------+--------+-----+--------+
         Total |   6147 |   5872 |    275 |    936 |   3819 |   8 |  768.4 |
       Dungeon |   6061 |   5786 |    275 |    936 |   3771 |   7 |  865.9 |
        Temple |     85 |     85 |      0 |      0 |     48 |   1 |   85.0 |
               +--------+--------+--------+--------+--------+-----+--------+

Top non-repeatable levels by time:
     D:6: 1326 daAuts
     D:3: 1073 daAuts
     D:5: 1025 daAuts
     D:1: 879 daAuts
     D:4: 816 daAuts
     D:2: 789 daAuts
     D:7: 150 daAuts
  Temple: 85 daAuts
